 Dungeon Crawl Stone Soup version 0.22-a0-149-g870e420 (webtiles) character file.

22 mhoghedin the Conjurer (level 3, 0/19 HPs)
             Began as a Kobold Conjurer on Feb 7, 2018.
             Succumbed to an adder's poison
             ... on level 2 of the Dungeon.
             The game lasted 00:02:13 (887 turns).

mhoghedin the Conjurer (Kobold Conjurer)             Turns: 887, Time: 00:02:13

Health: 0/19       AC:  2    Str:  5    XL:     3   Next: 7%
Magic:  2/7        EV: 14    Int: 17    God:
Gold:   79         SH:  0    Dex: 15    Spells: 4/7 levels left

rFire    . . .     SeeInvis .   e - +2 dagger (flame)
rCold    . . .     Gourm    .   (shield restricted)
rNeg     . . .     Faith    .   a - +0 robe
rPois    .         Spirit   .   (no helmet)
rElec    .         Reflect  .   (no cloak)
rCorr    .         Harm     .   (no gloves)
MR       .....                  (no boots)
Stlth    ++........             (no amulet)
HPRegen  0.06/turn              (no ring)
MPRegen  0.10/turn              (no ring)

@: lethally poisoned (0 -> -5), hasted, heavily drained, very quick
A: small, carnivore
a: no special abilities


You were on level 2 of the Dungeon.
You were not hungry.

You visited 1 branch of the dungeon, and saw 2 of its levels.

You collected 79 gold pieces.

Inventory:

Hand Weapons
 e - a +2 dagger of flaming (weapon)
   (You found it on level 1 of the Dungeon)
 g - a +2 dagger of holy wrath
   (You took it off a goblin on level 1 of the Dungeon)
Armour
 a - a +0 robe (worn)
Scrolls
 f - 4 scrolls of identify {unknown}
Books
 b - a book of Conjurations
Comestibles
 c - 4 rations


   Skills:
 - Level 2.4(1.2) Dodging
 - Level 2.6(1.4) Stealth
 + Level 2.9(1.6) Spellcasting
 + Level 4.4(3.1) Conjurations


You had 4 spell levels left.
You knew the following spells:

 Your Spells              Type           Power        Failure   Level  Hunger
a - Magic Dart            Conj           ##..         5%          1    ##.....
b - Searing Ray           Conj           ##....       9%          2    ###....


Dungeon Overview and Level Annotations

Branches:
Dungeon (2/15)

Altars:


Innate Abilities, Weirdness & Mutations

You are small and have problems with some larger weapons.
You are carnivorous and can eat meat at any time.


Message History

You kill the giant cockroach!
Found a stone staircase leading up.
There is an open door here.
You see here a giant cockroach corpse.
You butcher the giant cockroach corpse.
h - a chunk of flesh {@w0}
There is an open door here.
You start resting.
Eating a chunk of flesh {@w0}.
You eat the chunk of flesh {@w0}.
This raw flesh tastes great.
MP restored: 5
Found an escape hatch in the floor.
You open the door.
There is an open door here.
A hobgoblin comes into view. It is wielding a club.
A hobgoblin is nearby!
Aim: a hobgoblin, wielding a club (resting)
The magic dart hits the hobgoblin.
The hobgoblin shouts!
You now have 4/5 mp.
Aim: a hobgoblin, wielding a club (moderately wounded)
You miscast Magic Dart.
You are very lightly contaminated with residual magic.
Nothing appears to happen.
You now have 3/5 mp.
Aim: a hobgoblin, wielding a club (moderately wounded)
The magic dart hits the hobgoblin.
You now have 2/5 mp.
Aim: a hobgoblin, wielding a club (severely wounded)
The magic dart hits the hobgoblin.
You now have 1/5 mp.
Aim: a hobgoblin, wielding a club (almost dead)
You miscast Magic Dart.
Sparks fly from your hands!
You now have 0/5 mp.
You don't have enough magic to cast that spell.
You hit the hobgoblin. You burn the hobgoblin.
You kill the hobgoblin!
You see here a club.
You start resting.
An adder comes into view.
You regained 2 mp, and now have 2/5 mp.
Aim: an adder (hasn't noticed you)
The magic dart hits the adder.
The adder hisses angrily.
You now have 1/5 mp.
Aim: an adder (moderately wounded)
The magic dart hits the adder.
You now have 0/5 mp.
There's a creature in the doorway!
You hit the adder but do no damage. The adder misses you.
You miss the adder. The adder barely misses you.
You hit the adder but do no damage. The adder bites you. x2
You take 4 damage, and have 11/15 hp.
MASSIVE DAMAGE!!
Unknown command.
You hit the adder but do no damage. The adder bites you.
You take 1 damage, and have 10/15 hp.
You barely miss the adder. The adder bites you.
You are poisoned.
The adder poisons you!
You take 3 damage, and have 7/15 hp.
Unknown command.
It was a potion of haste.
You feel yourself speed up.
You feel sick. The adder bites you.
* * * LOW HITPOINT WARNING * * *
You take 4 damage, and have 3/15 hp.
MASSIVE DAMAGE!!
You hit the adder. You burn the adder. The adder bites you but does no damage.
You hit the adder. You burn the adder. The adder completely misses you.
You barely miss the adder.
* * * LOW HITPOINT WARNING * * *
You feel sick. The adder bites you but does no damage.
You take 1 damage, and have 2/15 hp.
You hit the adder. You burn the adder.
You kill the adder!
You have reached level 3!
Your experience leads to an increase in your attributes!
Increase (S)trength, (I)ntelligence, or (D)exterity?
You feel clever.
There is a lethal amount of poison in your body!
Unknown command.
Unknown command.
* * * LOW HITPOINT WARNING * * *
You feel sick.
You take 1 damage, and have 2/19 hp.
You swing at nothing.
You swing at nothing.
You swing at nothing.
You swing at nothing.
* * * LOW HITPOINT WARNING * * *
You feel sick.
You take 1 damage, and have 1/19 hp.
You swing at nothing.
Your magical contamination has completely faded away.
You swing at nothing.
You swing at nothing.
You swing at nothing.
You swing at nothing.
You swing at nothing.
You die...

.# .# . . #.> # . ##.. ..
# ##...## .## ## ##.....##
##...# .### ##....<..##
#......
...###.........####......#
.....+.........†@.).......
...###.........####.......
...# #.......## #...#.#
.>.# ##.....## .....# .#.#
##.†.## ..### ##.# ##'##
.... ...# #.# #### ####
#.# # ##.##


There were no monsters in sight!

Vanquished Creatures
  An adder (D:2)
  A dart slug (D:1)
  2 giant cockroaches
  2 goblins (D:1)
  A hobgoblin (D:2)
  3 kobolds
  2 rats (D:1)
12 creatures vanquished.

Notes
Turn   | Place    | Note
-------+----------+-------------------------------------------
     0 | D:1      | mhoghedin the Kobold Conjurer began the quest for the Orb.
     0 | D:1      | Reached XP level 1. HP: 10/10 MP: 3/3
   415 | D:1      | Reached XP level 2. HP: 15/15 MP: 0/5
   569 | D:1      | Learned a level 2 spell: Searing Ray
   867 | D:2      | HP: 3/15 [adder (3)]
   871 | D:2      | Reached XP level 3. HP: 2/19 MP: 1/7
   875 | D:2      | HP: 2/19 [poisoned by an adder]
   881 | D:2      | HP: 1/19 [poisoned by an adder]
   887 | D:2      | Succumbed to an adder's poison

Vault maps used:
D:1:      dpeg_arrival_renting
D:2:      minmay_quantized

Action                   || total
-------------------------++-------
Melee: Dagger            ||    14
 Cast: Magic Dart        ||    29
  Use: Potion            ||     1
  Eat: Chunk             ||     1
Armor: Robe              ||     2
Dodge: Dodged            ||     6

Table legend:
 A = Spawn XP
 B = Non-spawn XP
 C = Spawn XP percentage of total XP
 D = Spawn monster count
 E = Non-spawn monster count
 F = Spawn count percentage of total count
 G = Total turns spent on level
                    A         B        C        D         E        F      G
               +---------+---------+-------+---------+---------+-------+---------
         Total |       0 |      32 |   0.0 |       0 |      12 |   0.0 |   887
               +---------+---------+-------+---------+---------+-------+---------
           D:1 |       0 |      14 |   0.0 |       0 |       8 |   0.0 |   744
           D:2 |       0 |      18 |   0.0 |       0 |       4 |   0.0 |   143
               +---------+---------+-------+---------+---------+-------+---------

Vault maps used:
D:1:      dpeg_arrival_renting
D:2:      minmay_quantized

Table legend:
 A = Turns spent in this place as a percentage of turns spent in the entire game.
 B = Non-inter-level travel turns spent in this place as a percentage of non-inter-level travel turns spent in the entire game.
 C = Inter-level travel turns spent in this place as a percentage of turns spent in this place.
 D = Turns resting spent in this place as a percentage of non-inter-level travel turns spent in this place.
 E = Turns spent auto-exploring this place as a percentage of non-inter-level travel turns spent in this place.
 F = Non-inter-level travel turns spent in this place divided by the number of levels of this place that you've seen.
                   A       B       C       D       E      F
               +-------+-------+-------+-------+-------+----------------------
         Total | 100.0 | 100.0 |   3.0 |  31.0 |  54.8 | 430.0
       Dungeon | 100.0 | 100.0 |   3.0 |  31.0 |  54.8 | 430.0
               +-------+-------+-------+-------+-------+----------------------

Table legend:
 A = Kills in this place as a percentage of kills in entire the game.
 B = Kills by you in this place as a percentage of kills by you in the entire game.
 C = Kills by friends in this place as a percentage of kills by friends in the entire game.
 D = Other kills in this place as a percentage of other kills in the entire game.
 E = Experience gained in this place as a percentage of experience gained in the entire game.
 F = Experience gained in this place divided by the number of levels of this place that you have seen.
                   A       B       C       D       E      F
               +-------+-------+-------+-------+-------+----------------------
         Total | 100.0 | 100.0 |   N/A |   N/A | 100.0 |  16.0
       Dungeon | 100.0 | 100.0 |   N/A |   N/A | 100.0 |  16.0
               +-------+-------+-------+-------+-------+----------------------
